 Dungeon Crawl Stone Soup version 0.20-a0-454-g2b43fbb (webtiles) character file.

33 doublebanjo the Gusty (level 3, -5/28 HPs)
             Began as a Naga Air Elementalist on Jan 9, 2017.
             Slain by Terence
             ... wielding a +1 hand axe of freezing
              (6 damage)
             ... on level 1 of the Dungeon.
             The game lasted 00:04:36 (1754 turns).

doublebanjo the Gusty (Naga Air Elementalist)       Turns: 1754, Time: 00:04:36

Health: -5/28      AC:  2    Str: 10    XL:     3   Next: 29%
Magic:  0/6        EV: 10    Int: 16    God:
Gold:   94         SH:  0    Dex: 11    Spells: 0/6 levels left

rFire  . . .     SeeInvis +     i - +0 dagger
rCold  . . .     Gourm    +     a - +0 robe
rNeg   . . .     Faith    .     (no shield)
rPois  +         Spirit   .     (no helmet)
rElec  .         Reflect  .     (no cloak)
rCorr  .         Harm     .     (no gloves)
MR     .....                    (no barding)
Stlth  ++........               d - amulet of the gourmand
                                (no ring)
                                (no ring)

@: very slightly contaminated, very slow
A: see invisible, deformed body, poison resistance, slowness 2, slow metabolism
1, spit poison 1, AC +1
a: Spit Poison


You were on level 1 of the Dungeon.
You were not hungry.

You visited 1 branch of the dungeon, and saw 2 of its levels.

You collected 94 gold pieces.

Inventory:

Hand Weapons
 i - a +0 dagger (weapon)
Armour
 a - a +0 robe (worn)
Jewellery
 d - an amulet of the gourmand (around neck)
Scrolls
 f - a scroll of remove curse {unknown}
 j - 2 scrolls of teleportation {unknown}
 k - 2 scrolls of enchant armour {unknown}
 m - a scroll of noise {unknown}
Books
 b - a book of Air

   Spells                             Type                      Level
   a - Shock                          Conjuration/Air              1
   b - Swiftness                      Charms/Air                   2
   c - Repel Missiles                 Charms/Air                   2
   d - Static Discharge               Conjuration/Air              3
   e - Lightning Bolt                 Conjuration/Air              5
 o - a book of Misfortune

   Spells                             Type                      Level
   a - Confusing Touch                Hexes                        1
   b - Confuse                        Hexes                        3
   c - Gell's Gravitas                Hexes/Translocation          3
   d - Petrify                        Transmutation/Earth          4
   e - Metabolic Englaciation         Hexes/Ice                    5
   f - Yara's Violent Unravelling     Hexes/Transmutation          5
Comestibles
 c - 2 bread rations
 g - a meat ration
 n - a fruit


   Skills:
 - Level 1.7 Dodging
 - Level 3.0 Stealth
 - Level 2.0 Spellcasting
 + Level 2.2 Conjurations
 + Level 3.5 Air Magic


You couldn't memorise any spells.
You knew the following spells:

 Your Spells              Type           Power        Failure   Level  Hunger
a - Shock                 Conj/Air       ##..         10%         1    #......
b - Swiftness             Chrm/Air       #.......     17%         2    ###....
c - Static Discharge      Conj/Air       ##......     21%         3    ###....


Dungeon Overview and Level Annotations

Branches:
Dungeon (2/15)

Altars:
Xom

Annotations:
D:1 Terence


Innate Abilities, Weirdness & Mutations

You cannot wear boots.
Your serpentine skin is tough. (AC +1)
You have supernaturally acute eyesight. (SInv)
Armour fits poorly on your strangely shaped body.
Your system is resistant to poisons. (rPois)
You cover ground very slowly.
You have a slow metabolism.
You can spit poison.


Message History

There is a stone staircase leading down here.
You aren't carrying any potions.
You aren't carrying any potions.
You hit Terence but do no damage.
Terence is lightly wounded.
Terence hits you with a hand axe of freezing!
Terence freezes you.
* * * LOW HITPOINT WARNING * * *
You take 14 damage, and have 7/28 hp.
MASSIVE DAMAGE!!
You completely miss Terence.
Terence is lightly wounded.
Terence hits you with a hand axe of freezing.
* * * LOW HITPOINT WARNING * * *
Terence freezes you.
* * * LOW HITPOINT WARNING * * *
You take 6 damage, and have 1/28 hp.
MASSIVE DAMAGE!!
You hit Terence but do no damage.
Terence is lightly wounded.
Terence hits you with a hand axe of freezing.
You die...

#.# #######.# #.......#
#.......# # #.......#
#########.......#
'.........#####.#
#########.#####.##############
.............[..@@........)..#
.########.#####'############.#
.# #.# #........# #.# ## #.#
#........# #.# #.# #........#
#.# #.# #........# #.# #.#
##'####### #.# #.# #.# #.# #.#
#.# #.#


You could see Terence.

Vanquished Creatures
  A worm (D:2)
  A dart slug (D:1)
  A leopard gecko (D:1)
  A giant cockroach (D:1)
  4 goblins (D:1)
  5 hobgoblins
  4 kobolds
  4 bats (D:1)
  5 rats (D:1)
26 creatures vanquished.

Notes
Turn   | Place    | Note
-------+----------+-------------------------------------------
     0 | D:1      | doublebanjo the Naga Air Elementalist began the quest for the Orb.
     0 | D:1      | Reached XP level 1. HP: 15/15 MP: 3/3
   267 | D:1      | Reached XP level 2. HP: 22/22 MP: 3/5
   271 | D:1      | Learned a level 2 spell: Swiftness
   381 | D:1      | Found a shimmering altar of Xom.
  1034 | D:1      | Reached XP level 3. HP: 26/28 MP: 0/6
  1361 | D:2      | Learned a level 3 spell: Static Discharge
  1745 | D:2      | Noticed Terence
  1753 | D:1      | HP: 1/28 [Terence/hand axe of freezing (2)]
  1754 | D:1      | Slain by Terence

Vault maps used:
D:1:      dpeg_arrival_refuge, minmay_misc_feat_enclosed, serial_bayou_pond_c,
          xom_teletrap_fun
D:2:      kennysheep_nondescript, nrook_mini_backslash, uniq_sigmund,
          uniq_natasha, uniq_terence

Skill      XL: |  1  2 |
---------------+-------+-----
Conjurations   | 2 |  2.2
Dodging        | |  1.7
Stealth        | |  3.0
Spellcasting   | |  2.0
Air Magic      | |  3.5

Action                   || total
-------------------------++-------
Melee: Unarmed           ||    12
       Dagger            ||     6
 Cast: Shock             ||    57
       Static Discharge  ||     1
 Abil: Spit Poison       ||     1
  Use: Potion            ||     3
  Eat: Chunk             ||     6
Dodge: Dodged            ||    10
